 Dungeon Crawl Stone Soup version 0.10.4 character file.

253 CodaKJazz the Chopper (level 5, 0/47 HPs)
             Began as a Minotaur Berserker on July 16, 2023.
             Was a Believer of Trog.
             Succumbed to a hobgoblin's poison
             ... on Level 2 of the Dungeon.
             The game lasted 00:07:18 (1810 turns).

CodaKJazz the Chopper (Minotaur Berserker)          Turns: 1810, Time: 00:07:18

HP   0/47        AC  4     Str 22      XL: 5   Next: 23%
MP   1/1         EV 12     Int  4      God: Trog [**....]
Gold 100         SH  0     Dex 10      Spells:  0 memorised,  4 levels left

Res.Fire  : . . .   See Invis. : .   a - +0 hand axe {=f}
Res.Cold  : . . .   Warding    : . . d - +0 leather armour
Life Prot.: . . .   Conserve   : .   (no shield)
Res.Acid. : . . .   Res.Corr.  : .   (helmet restricted)
Res.Poison: .       Clarity    : .   (no cloak)
Res.Elec. : .       Spirit.Shd : .   (no gloves)
Sust.Abil.: . .     Stasis     : .   E - +0 pair of boots
Res.Mut.  : .       Ctrl.Telep.: .   (no amulet)
Res.Rott. : .       Levitation : .   (no ring)
Saprovore : . . .   Ctrl.Flight: .   (no ring)

@: quite poisoned, slightly resistant to hostile enchantments, very unstealthy
A: retaliatory headbutt, horns 2
a: Burn Spellbooks, Berserk, Trog's Hand, Renounce Religion


You were on level 2 of the Dungeon.
You worshipped Trog.
Trog was most pleased with you.
You were not hungry.

You visited 1 branch of the dungeon, and saw 3 of its levels.

You collected 80 gold pieces.

Inventory:

Hand weapons
 a - a +0,+0 hand axe (weapon) {=f}
 e - a -1,+1 orcish club (quivered)
 h - a cursed -1,-3 short sword
 l - a +0,+0 dagger
 o - a +0,+0 dagger
 q - a +0,+0 club
 r - a -1,+1 orcish club
 t - a +0,+0 dagger
 y - a +0,+1 orcish club
Missiles
 g - 31 +0 darts
 j - 17 poisoned +0 needles
 H - a +0 throwing net
Armour
 d - a +0 leather armour (worn)
 E - a +0 pair of boots (worn)
Magical devices
 w - a wand of frost (15)
Comestibles
 c - a bread ration
 B - 2 meat rations
Scrolls
 b - a scroll of amnesia {unknown}
 m - a scroll of magic mapping {unknown}
 n - a scroll of recharging {unknown}
 u - a scroll of remove curse {unknown}
 C - 2 scrolls of identify {unknown}
 D - a scroll of teleportation {unknown}
Jewellery
 p - an uncursed ring of protection from magic {unknown}
 x - an uncursed ring of protection from fire {unknown}
Potions
 s - a potion of paralysis {unknown}
 v - a potion of poison {unknown}
 z - a potion of heal wounds {unknown}
 A - a potion of levitation {unknown}
 F - a potion of invisibility {unknown}
 G - a potion of restore abilities {unknown}


   Skills:
 + Level 5.0 Fighting
 * Level 6.2 Axes
 - Level 2.4 Armour
 - Level 3.5 Dodging


You had 4 spell levels left.
You didn't know any spells.

Dungeon Overview and Level Annotations

Branches:
Dungeon (3/27)

Altars:

Annotations
D:2 exclusion: downstairs


Innate Abilities, Weirdness & Mutations

You reflexively headbutt those who attack you in melee.
You have a pair of horns on your head.


Message History

* * * LOW HITPOINT WARNING * * *
You feel sick.
* * * LOW HITPOINT WARNING * * *
You feel sick.
* * * LOW HITPOINT WARNING * * *
You feel sick.
* * * LOW HITPOINT WARNING * * *
You feel sick.
* * * LOW HITPOINT WARNING * * *
You feel sick.
* * * LOW HITPOINT WARNING * * *
You feel sick.
* * * LOW HITPOINT WARNING * * *
You feel sick.
* * * LOW HITPOINT WARNING * * *
You feel sick.
You feel a little better.
* * * LOW HITPOINT WARNING * * *
You feel sick.
You die...

.............#......#.#.#
############.#.#....#.#.#
#.#.#.####.#.#
#.#........#.#
###.#......^.#.# ########
#.....######.#.# ..^....#
#.#.#.#.####.#.# .#####.#
#.#.#..........# .###
#.###.#.#..@####.### ...#
#.......#.#<.....#
...#######.#...).######
...............#.#
...........#.###.#
...#########.# #.#
...'.........# #.#
...###..###### #.# #'##
#..#...# #.#


There were no monsters in sight!

Vanquished Creatures
  Sigmund (D:3)
  2 adders (D:2)
  A giant mite (D:2)
  A worm (D:3)
  2 giant geckos
  4 giant cockroaches (D:2)
  7 goblins
  11 hobgoblins
  6 kobolds
  A ball python (D:2)
  6 bats
  2 giant newts
  A rat (D:1)
45 creatures vanquished.

Vanquished Creatures (others)
  A giant cockroach (D:1)
  A rat (D:1)
2 creatures vanquished.

Grand Total: 47 creatures vanquished

Notes
Turn   | Place    | Note
--------------------------------------------------------------
     0 | D:1      | CodaKJazz, the Minotaur Berserker, began the quest for the Orb.
     0 | D:1      | Reached XP level 1. HP: 19/19 MP: 0/0
   402 | D:1      | Reached XP level 2. HP: 26/26 MP: 0/0
   484 | D:1      | Reached skill level 4 in Fighting
   913 | D:2      | Reached XP level 3. HP: 33/33 MP: 1/1
   969 | D:2      | Reached skill level 5 in Axes
  1000 | D:2      | Acquired Trog's second power
  1443 | D:2      | Reached XP level 4. HP: 37/40 MP: 1/1
  1541 | D:3      | Noticed Sigmund
  1688 | D:3      | Killed Sigmund
  1688 | D:3      | Reached skill level 6 in Axes
  1688 | D:3      | Reached XP level 5. HP: 9/47 MP: 1/1
  1807 | D:2      | HP: 2/47 [poisoned by a hobgoblin]
  1810 | D:2      | Succumbed to a hobgoblin's poison
